[ AOE2 MATCH · #474939506 ]
UnrankedGeorgians vs Cumans
Player's team · LOSS
Rival team · WIN
[ REPLAY ANALYSIS · EXTRACTED FROM THE RECORDED GAME ]
Feudal
8:52
Castle
21:06
Imperial
42:02
| APM avg | 51.2 |
| APM peak | 75 |
| eAPM avg | 24.2 |
| Villagers / military | 185 / 246 |
Focus
⚔️ 46.6% · 🌾 53.4%
Spearman ×120 · Knight ×42 · Scout Cavalry ×29 · Monaspa ×28 · Scorpion ×11 · Trebuchet (Packed) ×6
Feudal
10:07
Castle
23:16
Imperial
42:13
| APM avg | 51.3 |
| APM peak | 81 |
| eAPM avg | 24.9 |
| Villagers / military | 194 / 333 |
Focus
⚔️ 41.2% · 🌾 58.8%
Scout Cavalry ×113 · Camel Scout ×93 · Cavalry Archer ×66 · Kipchak ×28 · Unknown (1260) ×20 · Spearman ×13
Match map
Initial resources + every placement click. Lines = walls · curves = elevation contours. ◆ gold · ⬟ stone · ● berries · ✦ relic · ◌ wall gap
Inputs per minute
— DenisSloth - - Nullrn
Build order — DenisSloth
First 150 of 632 actions detected
| 0:01 | Create | Villager (Male) |
| 0:03 | Build | House |
| 0:05 | Build | House |
| 0:27 | Create | Villager (Male) |
| 0:27 | Create | Villager (Male) |
| 1:06 | Create | Villager (Male) |
| 1:35 | Create | Villager (Male) |
| 2:01 | Create | Villager (Male) |
| 2:25 | Create | Villager (Male) |
| 2:26 | Create | Villager (Male) |
| 2:46 | Create | Villager (Male) |
| 3:14 | Create | Villager (Male) |
| 3:44 | Create | Villager (Male) |
| 3:52 | Build | House |
| 4:06 | Create | Villager (Male) |
| 4:20 | Build | Mill |
| 4:30 | Create | Villager (Male) |
| 4:59 | Create | Villager (Male) |
| 5:16 | Create | Villager (Male) |
| 5:47 | Create | Villager (Male) |
| 6:09 | Create | Villager (Male) |
| 6:41 | Research | Feudal Age |
| 6:41 | Research | Feudal Age |
| 6:51 | Build | House |
| 7:57 | Build | Barracks |
| 8:26 | Build | House |
| 8:52 | Age | Feudal Age |
| 8:54 | Build | Stable |
| 8:57 | Create | Villager (Male) |
| 9:01 | Research | Double-Bit Axe |
| 9:01 | Research | Double-Bit Axe |
| 9:12 | Create | Villager (Male) |
| 9:23 | Build | House |
| 9:33 | Create | Scout Cavalry |
| 9:33 | Create | Scout Cavalry |
| 9:42 | Create | Villager (Male) |
| 9:55 | Build | House |
| 9:59 | Research | Horse Collar |
| 10:01 | Create | Villager (Male) |
| 10:13 | Build | Mule Cart |
| 10:14 | Create | Villager (Male) |
| 10:37 | Build | Farm |
| 10:53 | Create | Scout Cavalry |
| 11:06 | Create | Villager (Male) |
| 11:09 | Build | Farm |
| 11:21 | Build | Farm |
| 11:23 | Create | Villager (Male) |
| 11:26 | Build | Farm |
| 11:26 | Research | Loom |
| 11:28 | Build | Farm |
| 11:32 | Create | Scout Cavalry |
| 11:41 | Build | Mule Cart |
| 11:57 | Create | Villager (Male) |
| 12:07 | Build | Farm |
| 12:21 | Build | Farm |
| 12:23 | Create | Villager (Male) |
| 12:28 | Create | Scout Cavalry |
| 12:37 | Build | House |
| 12:38 | Build | Palisade Wall |
| 12:55 | Create | Scout Cavalry |
| 13:00 | Create | Villager (Male) |
| 13:09 | Build | Farm |
| 13:19 | Build | Farm |
| 13:23 | Create | Spearman |
| 13:25 | Create | Scout Cavalry |
| 13:54 | Create | Villager (Male) |
| 13:56 | Create | Scout Cavalry |
| 14:15 | Build | Farm |
| 14:16 | Build | Farm |
| 14:17 | Build | Farm |
| 14:18 | Build | Farm |
| 14:21 | Build | Mule Cart |
| 14:22 | Create | Villager (Male) |
| 14:33 | Build | Farm |
| 14:39 | Create | Spearman |
| 15:12 | Create | Villager (Male) |
| 15:14 | Create | Spearman |
| 15:24 | Build | Blacksmith |
| 15:36 | Create | Villager (Male) |
| 15:43 | Build | Palisade Wall |
| 15:48 | Build | Palisade Wall |
| 16:00 | Research | Wheelbarrow |
| 16:07 | Build | Palisade Wall |
| 16:43 | Create | Spearman |
| 17:07 | Create | Villager (Male) |
| 17:39 | Build | Farm |
| 17:44 | Create | Villager (Male) |
| 17:47 | Build | Stable |
| 17:49 | Create | Spearman |
| 18:07 | Build | Palisade Wall |
| 18:07 | Build | Palisade Wall |
| 18:20 | Build | Farm |
| 18:26 | Research | Castle Age |
| 18:41 | Build | Palisade Wall |
| 18:52 | Build | House |
| 18:54 | Build | House |
| 19:01 | Research | Bloodlines |
| 19:02 | Research | Bloodlines |
| 19:42 | Research | Forging |
| 19:42 | Research | Scale Barding Armor |
| 20:10 | Research | Gold Mining |
| 20:24 | Research | Scale Barding Armor |
| 21:06 | Age | Castle Age |
| 21:08 | Create | Knight |
| 21:08 | Create | Knight |
| 21:09 | Create | Knight |
| 21:09 | Create | Villager (Male) |
| 21:22 | Build | Monastery |
| 21:25 | Build | Palisade Wall |
| 21:29 | Create | Villager (Male) |
| 21:38 | Build | Monastery |
| 21:41 | Create | Knight |
| 21:41 | Create | Knight |
| 21:57 | Create | Villager (Male) |
| 22:11 | Create | Monk |
| 22:19 | Create | Villager (Male) |
| 22:27 | Create | Knight |
| 22:28 | Create | Knight |
| 22:59 | Create | Villager (Male) |
| 22:59 | Create | Villager (Male) |
| 23:12 | Create | Knight |
| 23:12 | Create | Knight |
| 23:12 | Create | Knight |
| 23:28 | Build | Siege Workshop |
| 23:37 | Create | Knight |
| 24:06 | Research | Town Watch |
| 24:06 | Create | Monk |
| 24:16 | Create | Monk |
| 24:43 | Build | House |
| 24:43 | Build | House |
| 24:44 | Build | House |
| 24:45 | Create | Scorpion |
| 24:59 | Research | Husbandry |
| 25:08 | Research | Chain Barding Armor |
| 25:08 | Research | Iron Casting |
| 25:36 | Research | Pikeman (upgrade) |
| 25:40 | Create | Monk |
| 25:40 | Create | Monk |
| 25:56 | Create | Villager (Male) |
| 25:56 | Create | Villager (Male) |
| 25:59 | Build | Town Center |
| 26:28 | Create | Villager (Male) |
| 26:29 | Create | Villager (Male) |
| 26:29 | Create | Villager (Male) |
| 26:42 | Build | Barracks |
| 26:43 | Create | Spearman |
| 26:44 | Create | Spearman |
| 26:44 | Research | Squires |
| 27:09 | Build | Town Center |
| 27:27 | Create | Villager (Male) |
Build order — Nullrn
First 150 of 642 actions detected
| 0:00 | Create | Villager (Male) |
| 0:01 | Create | Villager (Male) |
| 0:02 | Build | House |
| 0:03 | Build | House |
| 0:16 | Create | Villager (Male) |
| 0:17 | Create | Villager (Male) |
| 0:17 | Create | Villager (Male) |
| 1:26 | Create | Villager (Male) |
| 1:26 | Create | Villager (Male) |
| 2:03 | Create | Villager (Male) |
| 2:04 | Create | Villager (Male) |
| 2:30 | Create | Villager (Male) |
| 2:30 | Create | Villager (Male) |
| 2:49 | Create | Villager (Male) |
| 2:49 | Create | Villager (Male) |
| 2:49 | Create | Villager (Male) |
| 3:01 | Build | Lumber Camp |
| 3:22 | Create | Villager (Male) |
| 3:22 | Create | Villager (Male) |
| 3:38 | Create | Villager (Male) |
| 3:39 | Create | Villager (Male) |
| 3:49 | Create | Villager (Male) |
| 3:49 | Create | Villager (Male) |
| 3:49 | Create | Villager (Male) |
| 3:52 | Create | Villager (Male) |
| 3:52 | Create | Villager (Male) |
| 4:00 | Build | House |
| 4:04 | Build | House |
| 4:34 | Create | Villager (Male) |
| 4:34 | Create | Villager (Male) |
| 4:43 | Create | Villager (Male) |
| 4:43 | Create | Villager (Male) |
| 5:10 | Create | Villager (Male) |
| 5:10 | Create | Villager (Male) |
| 5:43 | Build | Mill |
| 5:45 | Create | Villager (Male) |
| 5:45 | Create | Villager (Male) |
| 6:11 | Create | Villager (Male) |
| 6:12 | Create | Villager (Male) |
| 7:08 | Research | Loom |
| 7:57 | Research | Feudal Age |
| 8:15 | Build | Barracks |
| 9:06 | Build | Mill |
| 9:47 | Create | Villager (Male) |
| 9:47 | Create | Villager (Male) |
| 10:07 | Age | Feudal Age |
| 10:12 | Build | Stable |
| 10:15 | Create | Villager (Male) |
| 10:16 | Create | Villager (Male) |
| 10:22 | Research | Double-Bit Axe |
| 10:22 | Research | Double-Bit Axe |
| 10:23 | Research | Horse Collar |
| 10:23 | Research | Horse Collar |
| 10:39 | Build | House |
| 10:40 | Build | House |
| 10:59 | Build | Farm |
| 11:01 | Build | Farm |
| 11:03 | Create | Villager (Male) |
| 11:03 | Create | Villager (Male) |
| 11:03 | Create | Villager (Male) |
| 11:08 | Create | Scout Cavalry |
| 11:08 | Create | Scout Cavalry |
| 11:10 | Create | Scout Cavalry |
| 11:10 | Create | Scout Cavalry |
| 11:13 | Build | Palisade Wall |
| 11:26 | Build | Farm |
| 11:28 | Create | Villager (Male) |
| 11:29 | Create | Villager (Male) |
| 11:47 | Build | Farm |
| 11:49 | Build | Farm |
| 12:04 | Create | Spearman |
| 12:11 | Build | Farm |
| 12:12 | Build | Farm |
| 12:13 | Create | Villager (Male) |
| 12:13 | Create | Villager (Male) |
| 12:35 | Create | Villager (Male) |
| 12:35 | Create | Villager (Male) |
| 12:37 | Build | Farm |
| 12:40 | Build | Farm |
| 12:43 | Build | House |
| 12:44 | Build | House |
| 13:11 | Create | Villager (Male) |
| 13:11 | Create | Villager (Male) |
| 13:13 | Create | Spearman |
| 13:13 | Create | Spearman |
| 13:16 | Build | Farm |
| 13:34 | Create | Scout Cavalry |
| 13:42 | Build | Farm |
| 13:55 | Create | Villager (Male) |
| 13:58 | Build | Farm |
| 14:04 | Create | Scout Cavalry |
| 14:04 | Create | Scout Cavalry |
| 14:11 | Create | Villager (Male) |
| 14:21 | Create | Spearman |
| 14:30 | Create | Villager (Male) |
| 14:30 | Create | Villager (Male) |
| 14:34 | Build | Mining Camp |
| 14:40 | Build | Farm |
| 14:42 | Build | Farm |
| 14:58 | Create | Spearman |
| 15:12 | Create | Villager (Male) |
| 15:22 | Create | Villager (Male) |
| 15:24 | Create | Spearman |
| 15:27 | Build | House |
| 15:43 | Create | Villager (Male) |
| 15:46 | Create | Spearman |
| 15:59 | Build | Lumber Camp |
| 16:09 | Create | Spearman |
| 16:18 | Create | Villager (Male) |
| 16:23 | Build | House |
| 16:41 | Create | Villager (Male) |
| 16:41 | Create | Villager (Male) |
| 17:02 | Create | Villager (Male) |
| 17:07 | Create | Spearman |
| 17:08 | Create | Spearman |
| 17:08 | Create | Spearman |
| 17:24 | Create | Villager (Male) |
| 17:26 | Build | House |
| 17:40 | Build | House |
| 18:05 | Create | Villager (Male) |
| 18:05 | Create | Villager (Male) |
| 18:08 | Build | Farm |
| 18:10 | Build | Farm |
| 18:16 | Build | House |
| 18:17 | Build | Palisade Wall |
| 18:21 | Build | Lumber Camp |
| 18:41 | Build | Farm |
| 19:17 | Create | Villager (Male) |
| 19:20 | Research | Wheelbarrow |
| 19:22 | Build | Blacksmith |
| 19:54 | Research | Castle Age |
| 19:54 | Research | Castle Age |
| 20:36 | Build | Stable |
| 20:40 | Build | Farm |
| 20:40 | Build | Farm |
| 20:40 | Build | Farm |
| 20:41 | Build | Farm |
| 20:41 | Build | Farm |
| 20:41 | Build | Farm |
| 20:41 | Build | Farm |
| 20:41 | Build | Farm |
| 20:42 | Build | Farm |
| 21:10 | Research | Bloodlines |
| 21:10 | Research | Bloodlines |
| 21:20 | Build | Stable |
| 21:25 | Build | Palisade Wall |
| 21:29 | Research | Gold Mining |
| 21:29 | Research | Gold Mining |
| 21:36 | Build | Farm |
| 21:37 | Build | Farm |
Match timeline
| 7:57 | DenisSloth · first_building Barracks |
| 8:15 | Nullrn · first_building Barracks |
| 8:52 | DenisSloth · age_up feudal |
| 8:54 | DenisSloth · first_building Stable |
| 10:07 | Nullrn · age_up feudal |
| 10:12 | Nullrn · first_building Stable |
| 11:13 | Nullrn · wall_segment Palisade Wall x1 |
| 12:38 | DenisSloth · wall_segment Palisade Wall x1 |
| 15:43 | DenisSloth · wall_segment Palisade Wall x1 |
| 15:48 | DenisSloth · wall_segment Palisade Wall x1 |
| 16:07 | DenisSloth · wall_segment Palisade Wall x1 |
| 18:07 | DenisSloth · wall_segment Palisade Wall x1 |
| 18:07 | DenisSloth · wall_segment Palisade Wall x1 |
| 18:17 | Nullrn · wall_segment Palisade Wall x1 |
| 18:41 | DenisSloth · wall_segment Palisade Wall x8 |
| 21:06 | DenisSloth · age_up castle |
| 21:22 | DenisSloth · first_building Monastery |
| 21:25 | Nullrn · wall_segment Palisade Wall x1 |
| 21:25 | DenisSloth · wall_segment Palisade Wall x1 |
| 23:13 | Nullrn · wall_segment Palisade Wall x1 |
| 23:16 | Nullrn · age_up castle |
| 23:28 | DenisSloth · first_building Siege Workshop |
| 29:01 | Nullrn · first_building Monastery |
| 30:08 | DenisSloth · first_building Castle |
| 32:11 | Nullrn · first_building Archery Range |
| 36:20 | Nullrn · first_market_sell 100 wood |
| 37:21 | Nullrn · first_building Castle |
| 38:15 | Nullrn · first_market_buy 100 food |
| 42:02 | DenisSloth · age_up imperial |
| 42:13 | Nullrn · age_up imperial |
| 56:20 | DenisSloth · resign |
[ AI ANALYSIS · 1 CREDIT ]
What really happened in this match?
Wolo.gg analyzes every decision: build order, eco, micro, common mistakes by bracket. Personalized analysis on WhatsApp or Discord in 30 seconds.
Civ guide
Georgians
Perfil
Jugador #4028668